 Dungeon Crawl Stone Soup version 0.31-a0-924-ge39a22a033 (webtiles) character file.

Game seed: 8746546643465369206

74497 Gladio the Severer (level 15, -4/144 HPs)
             Began as a Naga Fighter on Oct 18, 2023.
             Was the Champion of Cheibriados.
             Slain by a brown ugly thing (6 damage)
             ... on level 15 of the Dungeon.
             The game lasted 00:46:30 (23768 turns).

Gladio the Severer (Naga Fighter)                  Turns: 23768, Time: 00:46:30

Health: -4/144     AC: 16    Str: 40    XL:     15   Next: 47%
Magic:  19/23      EV:  8    Int: 24    God:    Cheibriados [******]
Gold:   1155       SH:  8    Dex: 26    Spells: 14/14 levels left

rFire   + . .        M - +3 war axe (flame)
rCold   + . .        c - +0 buckler
rNeg    . . .        T - +3 gold dragon scales
rPois   +            (no helmet)
rElec   .            x - +2 cloak
rCorr   .            (no gloves)
SInv    +            V - +0 barding
Will    ++...        y - amulet of faith Stlth
                     v - ring of willpower
HPRegen 0.44/turn    A - +5 ring of evasion
MPRegen 0.18/turn

%: faith
@: marked, corroded, very slow
A: AC +5, large, see invisible, deformed body, poison resistance, slowness 2,
spit poison 1, naga tail 2
a: Spit Poison, Renounce Religion, Bend Time, Temporal Distortion, Slouch, Step
From Time


You were on level 15 of the Dungeon.
You worshipped Cheibriados.
Cheibriados was exalted by your worship.
You visited 3 branches of the dungeon, and saw 21 of its levels.

You collected 1545 gold pieces.
You spent 390 gold pieces at shops.

Inventory:

Hand Weapons
 M - a +3 war axe of flaming (weapon)
Missiles
 q - 6 atropa-tipped darts
 C - 5 boomerangs
Armour
 c - a +0 buckler (worn)
 x - a +2 cloak (worn)
 F - a +1 cloak
 H - a +3 plate armour of fire resistance
 T - +3 gold dragon scales (worn)
 V - a +0 barding (worn)
Jewellery
 b - a ring of wizardry
 f - an amulet of the acrobat
 k - a ring of flight
 p - an amulet of reflection
 v - a ring of willpower (left hand)
 y - an amulet of faith (around neck)
 z - an amulet of magic regeneration
 A - a +5 ring of evasion (right hand)
 D - a ring of fire
 Q - a ring of protection from cold
 R - a ring of resist corrosion
 U - a +6 ring of strength
 W - a +6 ring of intelligence
Wands
 l - a wand of charming (13)
 m - a wand of digging (7)
 t - a wand of light (15)
 J - a wand of flame (26)
 P - a wand of iceblast (7)
Scrolls
 d - 2 scrolls of revelation
 g - 9 scrolls of identify
 h - 2 scrolls of silence
 i - 2 scrolls of blinking
 j - 5 scrolls of poison
 n - 6 scrolls of immolation
 o - 11 scrolls of teleportation
 r - 4 scrolls of fog
 s - 4 scrolls of fear
 B - 3 scrolls of amnesia
 G - 2 scrolls of vulnerability
 L - a scroll of torment
 N - a scroll of noise
 S - a scroll of summoning
 Z - a scroll of enchant weapon
Potions
 a - a potion of lignification
 e - 3 potions of magic
 u - 3 potions of enlightenment
 w - 2 potions of haste
 E - 2 potions of ambrosia
 I - 4 potions of brilliance
 K - a potion of might
 O - a potion of attraction
 X - a potion of mutation {unknown}
 Y - a potion of degeneration {unknown}


   Skills:
 * Level 11.9 Fighting
 - Level 16.0 Axes
 + Level 10.1 Armour
 + Level 10.7 Shields
 + Level 11.7 Invocations


You had 14 spell levels left.
You didn't know any spells.
Your spell library contained the following spells:

 Spells                   Type           Power      Damage    Failure   Level
 Apportation              Tloc           0%         N/A       88%         1
 Magic Dart               Conj           0%         1d3       88%         1
 Necrotise                Necr           0%         1d4       88%         1
 Shock                    Conj/Air       0%         1d3       88%         1
 Summon Small Mammal      Summ           0%         N/A       88%         1
 Cigotuvi's Dreadful Rot  Necr/Pois/Air  0%         N/A       95%         2
 Ensorcelled Hibernation  Hex/Ice        0%         N/A       95%         2
 Jinxbite                 Hex            0%         N/A       95%         2
 Searing Ray              Conj           0%         2d4       95%         2
 Call Canine Familiar     Summ           0%         N/A       99%         3
 Summon Guardian Golem    Hex/Summ       0%         N/A       99%         3
 Swiftness                Air            0%         N/A       99%         3
 Vampiric Draining        Necr           0%         2d6       99%         3
 Volatile Blastmotes      Fire/Tloc      0%         2d10      99%         3
 Airstrike                Air            0%         2d(0-16)  100%        4
 Anguish                  Hex/Necr       0%         N/A       100%        4
 Dispel Undead            Necr           0%         3d6       100%        4
 Fulminant Prism          Conj/Hex       0%         3d5       100%        4
 Iskenderun's Mystic Bla  Conj/Tloc      0%         2d3       100%        4
 Vhi's Electric Charge    Tloc/Air       0%         N/A       100%        4
 Agony                    Necr           0%         N/A       100%        5
 Alistair's Intoxication  Tmut/Pois      0%         N/A       100%        5
 Death Channel            Necr           0%         N/A       100%        6


Dungeon Overview and Level Annotations

Branches:
Dungeon (15/15)            Temple (1/1) D:4            Lair (5/5) D:8
 Shoals (0/4) Lair:2       Spider (0/4) Lair:3        Slime (0/5) Lair:5
    Orc (0/2) D:11         Vaults (0/5) D:13
 Depths: D:15

Altars:
Ashenzari
Cheibriados
Dithmenos
Elyvilon
Fedhas
Gozag
Hepliaklqana
Kikubaaqudgha
Makhleb
Nemelex Xobeh
Okawaru
Qazlal
Ru
Sif Muna
Trog
Uskayaw
Vehumet
Wu Jian
Xom
Yredelemnul
Zin
The Shining One
Jiyva

Shops:
D:2 *

Annotations:
D:3 3 runed translucent doors, boombarfnjin2354fg's ghost, amateur OpCj


Innate Abilities, Weirdness & Mutations

Your serpentine skin is tough. (AC +5)
You have supernaturally acute eyesight. (SInv)
Armour fits poorly on your strangely shaped body.
Your system is resistant to poisons. (rPois)
You cover ground very slowly.
You can spit poison.
You can use your snake-like lower body to constrict enemies.


Message History

You are too injured to fight recklessly!
You barely miss the brown ugly thing. Your grab misses the brown ugly thing.
The brown ugly thing is heavily wounded.
You hit the brown ugly thing but do no damage.
You grab the brown ugly thing.
The brown ugly thing is heavily wounded.
You constrict the brown ugly thing. The brown ugly thing gores you.
The acid corrodes you!
You are splashed with acid!
A meliai comes into view. It is wielding a +0 hand axe.
You slash the brown ugly thing! You burn the brown ugly thing.
The brown ugly thing is heavily wounded.
You constrict the brown ugly thing.
You block the brown ugly thing's attack.
A skeletal warrior comes into view. It is wielding a +0 hand axe.
You hit the brown ugly thing but do no damage.
The brown ugly thing is severely wounded.
You constrict the brown ugly thing. You slash the brown ugly thing!
You burn the brown ugly thing.
The brown ugly thing is almost dead.
You constrict the brown ugly thing.
A meliai comes into view. It is wielding a +0 war axe.
The brown ugly thing gores you.
You are splashed with acid!
* * * LOW HITPOINT WARNING * * *
A skeletal warrior comes into view. It is wielding a +0 glaive.
You release your grip on the brown ugly thing.
A meliai comes into view. It is wielding a +0 hand axe.
A culicivora comes into view.
The boulder beetle curls into a ball and begins rolling!
You block the brown ugly thing's attack.
A deep elf pyromancer comes into view. It is wielding a +0 long sword.
The meliai invokes the aid of its god against you.
Something smites you!
* * * LOW HITPOINT WARNING * * *
The brown ugly thing gores you but does no damage.
There is a stone staircase leading up here.
The boulder beetle hits you!!
* * * LOW HITPOINT WARNING * * *
The boulder beetle stops rolling and uncurls.
The brown ugly thing gores you.
You die...

.. ..#
.....).
.##..........
#..e.........
#.......zs..#
#............
...#y)....#
##.#Hy.....
#..u#.....
##@By......
#.##......
### #.....
..... ....
##.


You could see a boulder beetle, a brown ugly thing, a skeletal warrior, a
manticore, a deep elf pyromancer, a culicivora and 3 meliai.

Vanquished Creatures
  Josephine (Lair:4)
  A vault guard (D:13)
  4 hydras
  4 centaur warriors
  5 boulder beetles
  A catoblepas (Lair:3)
  A two-headed ogre (D:11)
  16 death yaks
  A tengu warrior (D:14)
  A demonic crawler (Lair:3)
  6 skysharks
  2 goliath frogs (Lair:5)
  An occultist (D:14)
  3 ugly things
  A deep elf pyromancer (D:13)
  4 manticores
  5 cyclopes
  16 elephants
  6 black mambas
  A torpor snail (Lair:2)
  A cane toad (shapeshifter) (D:14)
  2 gargoyles
  17 cane toads
  9 rime drakes
  3 unseen horrors
  7 komodo dragons
  A polar bear (Lair:5)
  A merfolk (D:14)
  5 trolls
  A wind drake (Lair:2)
  39 blink frogs
  6 dream sheep (Lair:3)
  3 shadows
  A wyvern (shapeshifter) (D:13)
  7 wraiths
  5 yaks
  An unseen horror simulacrum (D:9)
  3 steam dragons
  15 wyverns
  13 vampire mosquitoes
  9 basilisks
  A warg (D:11)
  11 water moccasins
  An acid dragon (D:12)
  3 black bears
  7 orc warriors
  3 ice beasts
  3 sky beasts
  7 wolves
  11 centaurs
  A phantom (D:5)
  4 kobold brigands
  7 scorpions
  18 bullfrogs
  4 wights (D:9)
  A hornet simulacrum (D:9)
  7 howler monkeys
  2 electric eels
  6 hounds
  8 orc priests
  2 gnoll boudas
  2 jellies
  A sleepcap (D:4)
  2 iguanas
  19 orc wizards
  10 hell rats
  13 gnolls
  2 adders
  9 river rats (Lair:3)
  13 white imps
  4 ufetubi
  2 worms
  4 dart slugs
  44 orcs
  8 endoplasms
  4 giant cockroaches
  9 hobgoblins
  2 jackals (D:5)
  30 kobolds
  2 quokkas
  5 ball pythons
  4 bats
  2 frilled lizards (D:1)
  5 goblins
  6 rats
  A butterfly (Lair:4)
539 creatures vanquished.

Vanquished Creatures (collateral kills)
  An orc priest (D:7)
  2 orcs (D:7)
3 creatures vanquished.

Vanquished Creatures (others)
  A wolf spider (D:15)
  A yak (D:9)
2 creatures vanquished.

Grand Total: 544 creatures vanquished

Notes
Turn   | Place    | Note
-------+----------+-------------------------------------------
     0 | D:1      | Gladio the Naga Fighter began the quest for the Orb.
     0 | D:1      | Reached XP level 1. HP: 21/21 MP: 1/1
    57 | D:1      | Reached XP level 2. HP: 22/28 MP: 2/2
   339 | D:1      | Found a faded altar of an unknown god.
   468 | D:1      | Reached XP level 3. HP: 34/34 MP: 3/3
   981 | D:2      | You fall into a shaft and drop 1 floor!
  1103 | D:3      | Reached skill level 3 in Axes
  1106 | D:3      | HP: 1/34 [gnoll/+0 whip (2)]
  1111 | D:3      | Reached XP level 4. HP: 11/42 MP: 4/4
  1364 | D:2      | Found Wotil's Assorted Antiques.
  1868 | D:3      | Found a burning altar of Makhleb.
  2121 | D:3      | Noticed an ice beast
  2134 | D:3      | Killed an ice beast
  2135 | D:3      | Reached XP level 5. HP: 14/50 MP: 5/5
  2136 | D:3      | Reached skill level 4 in Axes
  2364 | D:3      | Found a runed translucent gate.
  2364 | D:3      | Found a runed translucent gate.
  2365 | D:3      | Found a runed translucent gate.
  2365 | D:3      | Noticed boombarfnjin2354fg's ghost (amateur OpCj)
  2365 | D:3      | Identified the +4 dagger "Onywead" {pain, MP+9 Int+6}
  2932 | D:3      | Reached XP level 6. HP: 41/57 MP: 6/6
  3350 | D:4      | Identified the +2 spear of Mayhem {freeze, +Blink rF-
                  | Str+3}
  3387 | D:4      | Found a staircase to the Ecumenical Temple.
  3416 | Temple   | Entered the Ecumenical Temple
  3420 | Temple   | Became a worshipper of Cheibriados the Contemplative
  3858 | D:5      | Entered Level 5 of the Dungeon
  3925 | D:5      | Identified the +1 leather armour of Silly Fun {Str+8 Dex+3}
  4000 | D:5      | Noticed a steam dragon
  4001 | D:5      | Reached XP level 7. HP: 37/64 MP: 7/7
  4113 | D:5      | Killed a steam dragon
  4114 | D:5      | Reached skill level 5 in Axes
  4114 | D:5      | Reached skill level 1 in Invocations
  4655 | D:5      | Reached * piety under Cheibriados
  4917 | D:5      | Found an iron altar of Okawaru.
  5219 | D:5      | Reached XP level 8. HP: 73/73 MP: 9/9
  5832 | D:5      | Reached ** piety under Cheibriados
  5931 | D:6      | Reached skill level 5 in Fighting
  5991 | D:6      | Reached skill level 6 in Axes
  6752 | D:7      | Reached skill level 5 in Shields
  6799 | D:7      | Reached XP level 9. HP: 76/81 MP: 11/11
  6939 | D:7      | Reached skill level 7 in Axes
  7245 | D:7      | Reached *** piety under Cheibriados
  7744 | D:7      | Reached skill level 5 in Armour
  7876 | D:7      | Found a glowing golden altar of the Shining One.
  7982 | D:7      | Found an opulent altar of Gozag.
  7987 | D:7      | Found a shimmering altar of Xom.
  8396 | D:8      | Reached skill level 8 in Axes
  8616 | D:8      | Reached skill level 5 in Invocations
  8616 | D:8      | Reached XP level 10. HP: 56/92 MP: 13/13
  8625 | D:8      | Reached **** piety under Cheibriados
  9045 | D:2      | Bought a runed plate armour for 390 gold pieces
  9323 | D:8      | Reached skill level 9 in Axes
  9381 | D:8      | Found a staircase to the Lair.
 10017 | D:9      | Found a radiant altar of Vehumet.
 10019 | D:9      | Reached ***** piety under Cheibriados
 10979 | D:9      | Reached XP level 11. HP: 90/100 MP: 15/15
 11024 | D:9      | Found an ancient bone altar of Kikubaaqudgha.
 11164 | D:9      | Reached skill level 10 in Axes
 11327 | D:10     | Entered Level 10 of the Dungeon
 11494 | D:10     | Found a white marble altar of Elyvilon.
 12099 | Lair:1   | Entered Level 1 of the Lair of Beasts
 12930 | Lair:1   | Reached skill level 11 in Axes
 13734 | Lair:2   | Noticed a death yak
 13782 | Lair:2   | Reached ****** piety under Cheibriados
 13857 | Lair:2   | Reached XP level 12. HP: 112/112 MP: 17/17
 14163 | Lair:2   | Killed a death yak
 14449 | Lair:2   | Reached skill level 12 in Axes
 14602 | Lair:2   | Found a staircase to the Shoals.
 15377 | Lair:3   | Noticed a death yak
 15377 | Lair:3   | Noticed a death yak
 15377 | Lair:3   | Noticed a death yak
 15377 | Lair:3   | Noticed a death yak
 15436 | Lair:3   | Noticed an eight-headed hydra
 15443 | Lair:3   | Killed a five-headed hydra
 15731 | Lair:3   | Noticed a catoblepas
 15748 | Lair:3   | Killed a catoblepas
 16010 | Lair:3   | Noticed a death yak
 16010 | Lair:3   | Noticed a death yak
 16010 | Lair:3   | Noticed a death yak
 16010 | Lair:3   | Noticed a death yak
 16017 | Lair:3   | Killed a death yak
 16018 | Lair:3   | Gained mutation: You can use your snake-like lower body to
                  | constrict enemies. [Naga growth]
 16018 | Lair:3   | Reached XP level 13. HP: 116/121 MP: 6/19
 16026 | Lair:3   | Reached skill level 13 in Axes
 16395 | Lair:3   | Found a hole to the Spider Nest.
 16563 | Lair:3   | Reached skill level 10 in Fighting
 17412 | Lair:4   | Noticed Josephine
 17437 | Lair:4   | Killed Josephine
 17814 | Lair:4   | Reached skill level 14 in Axes
 17814 | Lair:4   | Reached skill level 10 in Invocations
 18237 | Lair:5   | Identified the of Ykesuosk
 18237 | Lair:5   | Entered Level 5 of the Lair of Beasts
 18242 | Lair:5   | Reached XP level 14. HP: 127/133 MP: 21/21
 18888 | Lair:5   | Reached skill level 10 in Shields
 18990 | Lair:5   | Reached skill level 15 in Axes
 19439 | Lair:5   | Found a viscous altar of Jiyva.
 19440 | Lair:5   | Found a staircase to the Slime Pits.
 19923 | Lair:5   | Identified the +1 pair of boots of the Gastropod {rPois
                  | Regen+ Int-5}
 20308 | D:11     | Found a staircase to the Orcish Mines.
 21078 | D:11     | Reached XP level 15. HP: 142/142 MP: 23/23
 22478 | D:13     | Found a gate to the Vaults.
 22755 | D:13     | Reached skill level 10 in Armour
 23750 | D:15     | Entered Level 15 of the Dungeon
 23762 | D:15     | Reached skill level 16 in Axes
 23768 | D:15     | HP: 2/144 [boulder beetle (27)]
 23768 | D:15     | Slain by a brown ugly thing

Illustrated notes

Levels and vault maps discovered:
D:1:      psy_arrival_radial02, layout_loops_ring,
          hellmonk_ecumenical_altar_leap_of_faith, minmay_tetromino_s2
D:2:      layout_loops_ring, serial_shops, shop
D:3:      layout_loops_corners, mainiacjoe_overflow_small_starburst,
          biasface_ghost_orc_armoury, moated_statue, item_on_display_a
D:4:      layout_cave_pods, temple_statues
D:5:      layout_loops_corners, kennysheep_okawaru_gauntlet,
          serial_co_window_serial, co_window_corner_a, co_window_paths_b,
          co_window_paths_a, co_window_paths_b, co_window_paths_a,
          co_window_corner_b, co_window_2corner, co_window_corner_ca,
          co_window_unsneaky_path_b, co_window_of_opportunity_b,
          co_window_paths_c, co_window_of_opportunity_b, co_window_4corner_a,
          glass_columns_b, glass_columns_c, glass_columns_a, glass_columns_a
D:6:      layout_cave_pools
D:7:      layout_basic, amethyst_overflow_temple_binary, tso_oasis_becter
D:8:      layout_loops_ring, minmay_lair_entry_grove
D:9:      layout_basic, old_standard_altar, kiku_gazebo_garden_becter,
          serial_ice, serial_ice_i, serial_ice_g, serial_ice_e, serial_ice_d,
          ebering_dispersal_statue_hall
D:10:     layout_cave_pools, old_standard_altar
D:11:     layout_gridville, erik_orc_4
D:12:     layout_roguey, minmay_tree_intersection, minmay_stone_trees_small
D:13:     layout_basic, david_vaults_5, portal_ice_cave_entry_imps
D:14:     layout_irregular_city, chequers_serial_rivers_micro_e,
          hangedman_fish_farm
D:15:     gammafunk_depths_entry_grave, layout_cave_pools, serial_bayou_pond_b,
          serial_glass, glass_columns_a, glass_columns_a, xom_confusion_cloud
Temple:   compressed_dpeg_circular_temple
Lair:1:   layout_cave_pods
Lair:2:   layout_cave_pods, minmay_shoals_entry_beasts, minivault_26,
          st_stairs_13, grunt_forest_small_clearings, infiniplex_staircase_pool
Lair:3:   layout_loops_ring, nicolae_spider_entry_non_spiders, serial_forest,
          infiniplex_forest_lined_3_way, infiniplex_forest_end_2,
          infiniplex_forest_lined_corner, infiniplex_forest_lined_ring,
          infiniplex_forest_lined_room_3, minmay_lair_oklob_items,
          kennysheep_rathole
Lair:4:   layout_loops_ring, lemuel_fruit_fields, uniq_josephine
Lair:5:   minmay_lair_end_frog_pond, layout_long_grid, slime_entry_1,
          enter_volcano_2, special_room [special_room_mythical_zoo],
          chequers_serial_rivers_room_b, minivault_24

Skill      XL: |  1  2  3  4  5  6  7  8  9 10 11 12 13 14 15 |
---------------+----------------------------------------------+-----
Shields        | 3 4 5 6 7 8 9 10 | 10.7
Axes           | 3 4 5 6 8 9 11 12 14 15 16 | 16.0
Armour         | 3 4 5 6 7 8 9 10 | 10.1
Fighting       | 4 5 6 7 8 9 10 11 | 11.9
Invocations    | 1 3 5 6 7 8 10 11 | 11.7

Action                     |  1- 3 |  4- 6 |  7- 9 | 10-12 | 13-15 || total
---------------------------+-------+-------+-------+-------+-------++-------
  Melee: War axe           |    38 |   131 |   300 |   519 |   622 ||  1610
         Constrict         |       |       |       |       |   140 ||   140
 Invoke: Bend Time         |       |       |     2 |     4 |       ||     6
         Slouch            |       |       |       |     6 |     6 ||    12
         Temporal Distorti |       |       |       |       |     1 ||     1
Ability: Spit Poison       |    27 |    32 |    39 |    31 |    11 ||   140
  Evoke: Wand              |       |       |    11 |     9 |       ||    20
    Use: Potion            |     4 |       |     4 |     7 |     2 ||    17
         Scroll            |       |     4 |     2 |    11 |     8 ||    25
 Armour: Scale mail        |    29 |    74 |       |       |       ||   103
         Skin              |     3 |       |       |     6 |       ||     9
         Leather armour    |       |     6 |    47 |       |       ||    53
         Chain mail        |       |       |    76 |       |       ||    76
         Plate armour      |       |       |   130 |   461 |   326 ||   917
         Gold dragon scale |       |       |       |       |   223 ||   223
  Dodge: Dodged            |    22 |    63 |   144 |   262 |   270 ||   761
  Block: Buckler           |     6 |    45 |   101 |   218 |   254 ||   624
         Reflection        |       |     1 |       |       |       ||     1

Table legend: (Time is in decaauts)
 A = Elapsed time spent in this place.
 B = Non-inter-level travel time spent in this place.
 C = Inter-level travel time spent in this place.
 D = Time resting spent in this place.
 E = Time spent auto-exploring this place.
 F = Levels seen in this place.
 G = Mean time per level.
                   A        B        C        D        E       F      G
               +--------+--------+--------+--------+--------+-----+--------+
         Total |  41329 |  38611 |   2718 |   1722 |  32396 |  21 | 1968.0 |
       Dungeon |  27033 |  25064 |   1969 |    873 |  21219 |  15 | 1802.2 |
        Temple |     12 |     12 |      0 |      0 |      0 |   1 |   12.0 |
          Lair |  14283 |  13534 |    749 |    849 |  11176 |   5 | 2856.6 |
               +--------+--------+--------+--------+--------+-----+--------+

Top non-repeatable levels by time:
  Lair:1: 3320 daAuts
  Lair:2: 3296 daAuts
     D:5: 3253 daAuts
  Lair:5: 2987 daAuts
     D:7: 2864 daAuts
     D:9: 2734 daAuts
    D:13: 2522 daAuts
  Lair:3: 2507 daAuts
  Lair:4: 2171 daAuts
    D:11: 2149 daAuts
     D:3: 1950 daAuts
    D:14: 1880 daAuts
     D:8: 1775 daAuts
    D:12: 1436 daAuts
     D:4: 1402 daAuts
